 Dungeon Crawl Stone Soup version 0.20.0-10-g0535bb4 (webtiles) character file.

59 joejoepie the Covered (level 4, -6/31 HPs)
             Began as a Halfling Fighter on June 3, 2017.
             Killed by divine providence
             ... invoked by an orc priest
              (14 damage)
             ... on level 3 of the Dungeon.
             The game lasted 00:05:02 (1397 turns).

joejoepie the Covered (Halfling Fighter)            Turns: 1397, Time: 00:05:03

Health: -6/31      AC:  8    Str: 18    XL:     4   Next: 22%
Magic:  3/3        EV:  9    Int:  6    God:
Gold:   42         SH:  9    Dex: 13    Spells: 3/3 levels left

rFire    . . .     SeeInvis .   a - +0 long sword
rCold    . . .     Gourm    .   c - +0 shield
rNeg     . . .     Faith    .   b - +0 scale mail
rPois    .         Spirit   .   (no helmet)
rElec    .         Reflect  .   (no cloak)
rCorr    .         Harm     .   (no gloves)
MR       .....                  (no boots)
Stlth    ..........             (no amulet)
Regen    0.1/turn               (no ring)
MPRegen  0.1/turn               (no ring)

@: no status effects
A: low mp 1, mutation resistance 1, shaggy fur 1
a: no special abilities


You were on level 3 of the Dungeon.
You were not hungry.

You visited 1 branch of the dungeon, and saw 3 of its levels.

You collected 42 gold pieces.

Inventory:

Hand Weapons
 a - a +0 long sword (weapon)
Armour
 b - a +0 scale mail (worn)
 c - a +0 shield (worn)
Scrolls
 e - a scroll of remove curse {unknown}
 i - a scroll of fear
Potions
 d - 2 potions of might
Comestibles
 f - 2 bread rations
 h - 3 meat rations
 j - a royal jelly


   Skills:
 + Level 3.1 Fighting
 + Level 2.8 Long Blades
 + Level 4.0 Armour
 + Level 0.4 Dodging
 + Level 3.5 Shields


You had 3 spell levels left.
You didn't know any spells.

Dungeon Overview and Level Annotations

Branches:
Dungeon (3/15)

Altars:


Innate Abilities, Weirdness & Mutations

You are small and have problems with some larger weapons.
You are somewhat resistant to further mutation.
Your magical capacity is low. (-10% MP)
You are covered in fur. (AC +1)


Message History

You closely miss the orc wizard.
The orc wizard is moderately wounded.
The orc wizard hits you but does no damage.
The orc wizard closely misses you.
You hit the orc wizard.
The orc wizard is heavily wounded.
You block the orc wizard's attack.
You hit the orc wizard but do no damage.
The orc wizard is heavily wounded.
You block the orc wizard's attack.
You barely miss the orc wizard.
The orc wizard is heavily wounded.
The orc priest invokes the aid of Beogh against you.
Beogh smites you!
* * * LOW HITPOINT WARNING * * *
The quokka twitches its whiskers.
The orc wizard looks encouraged for a moment.
The orc priest invokes the aid of Beogh against you.
Beogh smites you!
You die...

.# .# ## (# #. ..
#. .# #. .##
.#####.###o.#####
.......<@oor.....
######.####.#####
... # ###. .. ##


You could see an orc priest, an orc wizard, an orc and a quokka.

Vanquished Creatures
  2 adders (D:2)
  2 worms (D:2)
  An orc (D:3)
  A ball python (D:2)
  4 giant cockroaches
  6 goblins
  3 hobgoblins (D:2)
  7 kobolds
  2 frilled lizards (D:2)
  6 rats
34 creatures vanquished.

Notes
Turn   | Place    | Note
-------+----------+-------------------------------------------
     0 | D:1      | joejoepie the Halfling Fighter began the quest for the Orb.
     0 | D:1      | Reached XP level 1. HP: 15/15 MP: 1/1
     4 | D:1      | Gained mutation: You have very sharp teeth. [potion of mutation]
   265 | D:1      | Reached XP level 2. HP: 19/20 MP: 2/2
   866 | D:1      | Lost mutation: You have very sharp teeth. [potion of mutation]
   866 | D:1      | Gained mutation: Your magical capacity is low. (-10% MP) [potion of mutation]
   866 | D:1      | Gained mutation: You are covered in fur. (AC +1) [potion of mutation]
   930 | D:2      | Reached XP level 3. HP: 25/25 MP: 2/2
  1289 | D:2      | Reached XP level 4. HP: 31/31 MP: 3/3
  1386 | D:3      | Reached skill level 4 in Armour
  1397 | D:3      | Killed from afar by an orc priest

Skill      XL: |  1  2  3  4 |
---------------+-------------+-----
Fighting       | 3 |  3.1
Armour         | 4 |  4.0
Long Blades    | |  2.8
Dodging        | |  0.4
Shields        | |  3.5

Action                   |  1- 3 |  4- 6 || total
-------------------------+-------+-------++-------
Melee: Long sword        |   112 |    20 ||   132
       Bite              |     6 |       ||     6
  Use: Potion            |     2 |       ||     2
       Scroll            |     1 |       ||     1
  Eat: Chunk             |     1 |     1 ||     2
Armor: Scale mail        |    38 |     8 ||    46
Dodge: Dodged            |    29 |     5 ||    34
Block: Shield            |    47 |    13 ||    60
       Rpst.: Long sword |    12 |     1 ||    13
